 Dungeon Sprint DCSS version 0.24-a0-244-ga6a6ab7 (webtiles) character file.

Game seed: 6382354813938557261

777 MikeHunt the Unseen (level 7, -10/64 HPs)
             Began as a Naga Assassin on Apr 10, 2019.
             Was an Initiate of Gozag.
             Mangled by a tyrant leech (23 damage)
             ... in the Dungeon (Sprint II: "The Violet Keep of Menkaure").
             The game lasted 00:09:52 (1101 turns).

MikeHunt the Unseen (Naga Assassin)                 Turns: 1101, Time: 00:09:52

Health: -10/64     AC: 10    Str: 14    XL:     7   Next: 84%
Magic:  7/7        EV: 13    Int: 12    God:    Gozag
Gold:   692        SH:  0    Dex: 13    Spells: 6/6 levels left

rFire    . . .     SeeInvis +   b - +0 blowgun
rCold    + . .     Gourm    .   (no shield)
rNeg     . . .     Faith    .   p - +1 robe {rC+}
rPois    +         Spirit   .   o - +1 helmet
rElec    .         Reflect  .   d - +0 cloak
rCorr    .         Harm     .   q - +0 pair of gloves
MR       .....     NoTele   +   (no barding)
Stlth    ++++++....             (no amulet)
HPRegen  0.20/turn              l - +2 ring of protection
MPRegen  0.10/turn              n - +2 ring of evasion

@: short of breath, hasted, quick
A: large, see invisible, deformed body, poison resistance, slowness 2, slow
metabolism 1, spit poison 1, AC +2
a: Spit Poison, Potion Petition, Call Merchant, Bribe Branch, Renounce Religion


You were in the Dungeon.
You worshipped Gozag.
Gozag was pleased with you.
You were not hungry.

You visited 1 branch You collected 1467 gold pieces.
You spent 775 gold pieces at shops.

Inventory:

Hand Weapons
 a - a +2 dagger
 b - a +0 blowgun (weapon)
Missiles
 e - 2 poisoned needles
 f - a curare-tipped needle (quivered)
Armour
 c - a +0 robe
 d - a +0 cloak (worn)
 i - a +2 shield of protection
 o - a +1 helmet (worn)
 p - a +1 robe of cold resistance (worn)
 q - a +0 pair of gloves (worn)
Jewellery
 l - a +2 ring of protection (left hand)
 n - a +2 ring of evasion (right hand)
Scrolls
 m - a scroll of blinking
Potions
 h - a potion of curing
 k - 2 potions of magic
Comestibles
 g - a ration


   Skills:
 - Level 4.0 Fighting
 - Level 10.5 Short Blades
 - Level 1.7 Throwing
 - Level 2.8 Dodging
 - Level 15.9 Stealth
 + Level 5.1 Shields


You had 6 spell levels left.
You didn't know any spells.
Your spell library was empty.

Dungeon Overview and Level Annotations

Branches:
Dungeon (1/1)

Altars:
Cheibriados
Dithmenos
Elyvilon
Fedhas
Gozag
Hepliaklqana
Kikubaaqudgha
Makhleb
Nemelex Xobeh
Okawaru
Qazlal
Ru
Sif Muna
Trog
Uskayaw
Vehumet
Wu Jian
Xom
Yredelemnul
Zin
The Shining One
Beogh
Jiyva
Lugonu

Shops:
D %[:!}![}=:[[(!=?

Annotations:
D exclusions: oklob plant and orange crystal statue, Roxanne


Innate Abilities, Weirdness & Mutations

You cannot wear boots.
Your serpentine skin is tough. (AC +2)
You have supernaturally acute eyesight. (SInv)
Armour fits poorly on your strangely shaped body.
Your system is resistant to poisons. (rPois)
You cover ground very slowly.
You have a slow metabolism.
You can spit poison.


Message History

Really slither into a travel-excluded area?
There is an entrance to Ikat's Jewellery Shoppe here.
There is an open door here.
You see here a curare-tipped needle.
Press: ? - help, Shift-Dir - straight line, f/p - tyrant leech
Aim: a tyrant leech (severely wounded, poisoned)
The splash of poison misses the tyrant leech.
You feel slightly more hungry.
You enter the shallow water.
Moving in this stuff is going to be slow.
You see here 4 poisoned needles.
There is an open door here.
You see here a poisoned needle.
The tyrant leech looks more healthy.
You see here a curare-tipped needle.
f - a curare-tipped needle
b - a +0 blowgun (weapon)
The tyrant leech bites you!!
You die...
Your body crumbles into a pile of gold.

###########≈≈≈... ..
##........#≈≈≈≈.##+##.. $
##....⌠...#≈≈≈≈##.#.##.#### $
##...∩.∩..#≈≈≈≈#..#..# ...#
##..∩.∩.∩.#≈≈#####.#####..##
##.∩.∩.∩.∩#≈##.# #'###.##..#
##∩.∩...∩.#≈#.#.##.##.###..# $
##.∩.....∩((w###'.<.'##.'..###
##∩.......#≈#@#.##.##...#....#
#▓▓▓▓▓▓▓###≈##.###'###†##.....
##?aD######≈≈####.#.####≈≈....


#(aa#xx ##≈≈≈#..#..#≈≈§≈÷≈§. #∩P$+.$#+ +#≈##.#.##≈≈≈≈≈≈≈≈ #/.?#(##°# $
≈≈##'##≈§≈≈≈§≈≈≈ #!$?###§≈° #≈≈≈≈≈≈≈≈≈§§≈§§≈ ##+###≈≈°° #+++#+++#≈≈≈≈§≈§ $ $ §§§
##§≈≈### You could see a tyrant leech.

Vanquished Creatures
  A tyrant leech (D)
  2 hippogriffs (D)
  Menkaure (D)
  4 worker ants (D)
  3 worms (D)
11 creatures vanquished.

Vanquished Creatures (others)
  A crocodile (D)
1 creature vanquished.

Grand Total: 12 creatures vanquished

Notes
Turn   | Place    | Note
-------+----------+-------------------------------------------
     0 | D        | MikeHunt the Naga Assassin began the quest for the Orb.
     0 | D        | Reached XP level 1. HP: 19/19 MP: 1/1
     1 | D        | Noticed a hippogriff
     1 | D        | Noticed a hippogriff
    10 | D        | Killed a hippogriff
    10 | D        | Reached skill level 12 in Stealth
    10 | D        | Reached XP level 2. HP: 13/26 MP: 2/2
    10 | D        | Reached XP level 3. HP: 16/32 MP: 3/3
    10 | D        | Reached XP level 4. HP: 19/39 MP: 4/4
    10 | D        | Reached XP level 5. HP: 23/45 MP: 5/5
    19 | D        | Killed a hippogriff
    19 | D        | Reached skill level 15 in Stealth
    19 | D        | Reached XP level 6. HP: 9/52 MP: 6/6
   282 | D        | Reached skill level 10 in Short Blades
   289 | D        | Found a glowing silver altar of Zin.
   289 | D        | Found a radiant altar of Vehumet.
   290 | D        | Found a glowing golden altar of the Shining One.
   290 | D        | Found a basalt altar of Yredelemnul.
   290 | D        | Found a hide-covered altar of Uskayaw.
   291 | D        | Found a shimmering altar of Xom.
   291 | D        | Found a bloodstained altar of Trog.
   292 | D        | Found an ornate altar of the Wu Jian Council.
   292 | D        | Found a deep blue altar of Sif Muna.
   292 | D        | Found a corrupted altar of Lugonu.
   292 | D        | Found a burning altar of Makhleb.
   293 | D        | Found a sacrificial altar of Ru.
   293 | D        | Found an ancient bone altar of Kikubaaqudgha.
   293 | D        | Found a white marble altar of Elyvilon.
   294 | D        | Found a stormy altar of Qazlal.
   294 | D        | Found a viscous altar of Jiyva.
   294 | D        | Found a shadowy altar of Dithmenos.
   295 | D        | Found a hazy altar of Hepliaklqana.
   295 | D        | Found a snail-covered altar of Cheibriados.
   297 | D        | Found a roughly hewn altar of Beogh.
   297 | D        | Found a sparkling altar of Nemelex Xobeh.
   297 | D        | Found a blossoming altar of Fedhas.
   297 | D        | Noticed a hornet
   297 | D        | Noticed a polar bear
   298 | D        | Found an iron altar of Okawaru.
   298 | D        | Found an opulent altar of Gozag.
   298 | D        | Noticed a yaktaur
   307 | D        | Became a worshipper of Gozag Ym Sagoz the Greedy
   309 | D        | Identified Roxanne's Guide on Transmigration
   309 | D        | Noticed Roxanne
   345 | D        | Reached XP level 7. HP: 60/60 MP: 7/7
   424 | D        | Noticed a tyrant leech
   424 | D        | Noticed a tyrant leech
   431 | D        | Found Qexkeviu's Distillery.
   431 | D        | Found Ikat's Jewellery Shoppe.
   431 | D        | Found Komm's Armour Emporium.
   431 | D        | Found Veuggaug's Antique Weapon Emporium.
   431 | D        | Found Tesenwob's Book Shoppe.
   431 | D        | Found Jastrerish's Antique Armour Shoppe.
   432 | D        | Found Ereffi's Jewellery Shoppe.
   432 | D        | Found Emmaiteq's Gadget Emporium.
   433 | D        | Found Nopamp's Antique Armour Shoppe.
   433 | D        | Found Vaopn's Distillery.
   435 | D        | Found Siashrof's Magic Scroll Emporium.
   435 | D        | Noticed a soldier ant
   436 | D        | Found Kuaheun's Gadget Shoppe.
   436 | D        | Found Ussypn's Distillery.
   436 | D        | Noticed Menkaure
   436 | D        | Noticed a soldier ant
   436 | D        | Noticed a soldier ant
   436 | D        | Noticed an oklob plant
   437 | D        | Found Noxof's Antique Armour Shoppe.
   437 | D        | Found Mogi Say's Food Emporium.
   437 | D        | Found Fegoded's Book Shoppe.
   440 | D        | Noticed an ice dragon
   442 | D        | Noticed an unseen horror
   444 | D        | Noticed an unseen horror
   457 | D        | Bought a +2 ring of protection for 130 gold pieces
   457 | D        | Bought a +2 ring of evasion for 130 gold pieces
   459 | D        | Bought a +1 helmet for 126 gold pieces
   470 | D        | Bought a glowing robe for 77 gold pieces
   494 | D        | Killed Menkaure
   715 | D        | Bought a shiny shield for 195 gold pieces
   715 | D        | Bought a pair of gloves for 117 gold pieces
   765 | D        | Killed a tyrant leech
   765 | D        | Reached skill level 5 in Shields
  1048 | D        | Noticed an orange crystal statue
  1101 | D        | Mangled by a tyrant leech

Levels and vault maps discovered:
D:        the_violet_keep_of_menkaure [sprint2_stairs_cluster_1,
          sprint2_shoproom, sprint2_temple, sprint2_basic_supplies,
          sprint2_obstacle_4, sprint2_obstacle_6, sprint2_obstacle_7,
          sprint2_obstacle_5, sprint2_obstacle_1, sprint2_timed_cluster_1,
          sprint2_smallroom_cluster_1, sprint2_smallroom_final_cluster_1,
          sprint2_transparent_cluster_1, sprint2_second_timed_cluster_1,
          sprint2_sniper_area_1, sprint2_heavy_combat_area_1,
          sprint2_mutation_trap_area_1, sprint2_forest_area_1,
          sprint2_light_combat_area_1, sprint2_behind_water_1,
          sprint2_near_end_vault_1]

Skill      XL: |  1  2  3  4  5  6  7 |
---------------+----------------------+-----
Short Blades   | 8 9 10 | 10.5
Stealth        | 12 15 | 15.9
Fighting       | 4 |  4.0
Dodging        | 2 |  2.8
Shields        | 5 |  5.1
Throwing       | |  1.7

Action                   |  1- 3 |  4- 6 |  7- 9 || total
-------------------------+-------+-------+-------++-------
Melee: Dagger            |     8 |    14 |    34 ||    56
 Fire: Blowgun           |       |       |    16 ||    16
Invok: Potion Petition   |       |       |     1 ||     1
 Abil: Spit Poison       |       |       |     4 ||     4
  Use: Potion            |     1 |       |     2 ||     3
 Stab: Sleeping          |       |     6 |       ||     6
       Invisible         |       |       |     1 ||     1
Armor: Robe              |     5 |     3 |     1 ||     9
Dodge: Dodged            |     2 |     5 |    13 ||    20

Table legend:
 A = Non-vault XP
 B = Vault XP
 C = Vault XP percentage of total XP
 D = Non-vault monster count
 E = Vault monster count
 F = Vault count percentage of total count
                 A         B        C        D         E       F
            +---------+---------+-------+---------+---------+-------
      Total |       0 |    1111 | 100.0 |       0 |      11 | 100.0
            +---------+---------+-------+---------+---------+-------
          D |       0 |    1111 | 100.0 |       0 |      11 | 100.0
            +---------+---------+-------+---------+---------+-------
